 Dungeon Crawl Stone Soup version 0.28-a0-476-g0f06bd746f (webtiles) character file.

Game seed: 3116515721078311993

483 robertstho the Magician (level 7, 0/49 HPs)
             Began as a Djinni Fire Elementalist on Sept 16, 2021.
             Slain by a killer bee (4 damage)
             ... on level 5 of the Dungeon.
             The game lasted 00:06:13 (5431 turns).

robertstho the Magician (Djinni Fire Elementalist)  Turns: 5431, Time: 00:06:14

Health: 0/49       AC:  2    Str:  7    XL:     7   Next: 35%
Gold:   248        EV: 12    Int: 19    God:
                   SH:  0    Dex: 13

rFire   + + .      SeeInvis .   f - +0 mace
rCold   x . .      Faith    .   (no shield)
rNeg    . . .      Spirit   .   a - +0 robe
rPois   ∞          Reflect  .   (no helmet)
rElec   .          Harm     .   (no cloak)
rCorr   .          Rampage  .   (no gloves)
Will    .....                   (boots unavailable)
Stlth   ++........              (no amulet)
HPRegen 0.16/turn               (no ring)
MPRegen 0.00/turn               (no ring)

@: marked, flying, very slightly contaminated
A: sickness immunity, fire resistance 2, cold vulnerability 1, float, innate
caster, hp casting, extra vitality 1
a: no special abilities


You were on level 5 of the Dungeon.
You visited 1 branch of the dungeon, and saw 5 of its levels.

You collected 248 gold pieces.

Inventory:

Hand Weapons
 f - a +0 mace (weapon)
Armour
 a - a +0 robe (worn)
Jewellery
 o - a ring of protection from cold
Scrolls
 b - a scroll of fog {unknown}
 d - a scroll of amnesia {unknown}
 e - a scroll of holy word {unknown}
 h - 2 scrolls of teleportation {unknown}
 i - 4 scrolls of identify {unknown}
 j - a scroll of fear {unknown}
 p - a scroll of silence {unknown}
 q - a scroll of enchant armour {unknown}
 s - a scroll of magic mapping {unknown}
Potions
 c - 2 potions of curing
 g - 3 potions of flight {unknown}
 k - a potion of invisibility {unknown}
 l - a potion of might {unknown}
 m - a potion of haste {unknown}
 n - a potion of attraction {unknown}
 r - a potion of degeneration {unknown}
 t - a potion of brilliance {unknown}


   Skills:
 * Level 2.2 Fighting
 + Level 1.3 Maces & Flails
 + Level 3.0 Dodging
 + Level 2.3 Stealth
 * Level 5.0 Spellcasting


You couldn't memorise any spells.
You knew the following spells:

 Your Spells              Type           Power      Damage    Failure   Level
a - Foxfire               Conj/Fire      96%        2x1d8     1%          1
b - Scorch                Fire           48%        2d7       2%          2
c - Conjure Flame         Conj/Fire      24%        6-21      4%          3
d - Inner Flame           Hex/Fire       24%        N/A       4%          3
e - Flame Wave            Conj/Fire      24%        3d6       16%         4
f - Shock                 Conj/Air       96%        1d9       1%          1
g - Slow                  Hex            24%        N/A       2%          2
h - Tukima's Dance        Hex            24%        N/A       4%          3
Your spell library was empty.

Dungeon Overview and Level Annotations

Branches:
Dungeon (5/15)
 Temple: D:4-7

Altars:
Ru
Trog

Shops:
D:1 =


Innate Abilities, Weirdness & Mutations

You are immune to sickness and miasma.
You are immune to poison.
Your flesh is very heat resistant. (rF++)
You are vulnerable to cold. (rC-)
You float through the air rather than walking.
You learn spells naturally, not from books.
Your magical power is your life essence.
You have superior vitality. (+4 HP)


Message History

The killer bee closely misses you.
Casting: Flame Wave (quite dangerous; 16% risk of failure)
Confirm with . or Enter, or press ? or * to list all spells.
The spell is quite dangerous to cast (16% risk of failure)!
Continue anyway?
Okay, then.
Casting: Flame Wave (quite dangerous; 16% risk of failure)
Confirm with . or Enter, or press ? or * to list all spells.
Aiming: Tukima's Dance (dangerous; 4% risk of failure)
Press: ? - help, Shift-Dir - straight line, f - centaur
Aim: a centaur, wielding a +0 shortbow and quivering arrows (chance to affect: 64%)
The centaur struggles to resist.
The killer bee closely misses you. The killer bee stings you.
* * * LOW HITPOINT WARNING * * *
The centaur shoots an arrow.
The arrow hits you.
* * * LOW HITPOINT WARNING * * *
The killer bee barely misses you. The killer bee stings you.
* * * LOW HITPOINT WARNING * * *
The centaur shoots an arrow.
The arrow hits you.
* * * LOW HITPOINT WARNING * * *
You feel better.
The killer bee stings you but does no damage.
The killer bee misses you. The killer bee barely misses you.
The centaur shoots an arrow.
The arrow closely misses you.
The arrow misses the killer bee.
The killer bee barely misses you.
Casting: Tukima's Dance (dangerous; 4% risk of failure)
Confirm with . or Enter, or press ? or * to list all spells.
Aiming: Tukima's Dance (dangerous; 4% risk of failure)
Press: ? - help, Shift-Dir - straight line, f/p - centaur
Aim: a centaur, wielding a +0 shortbow and quivering arrows (chance to affect: 64%)
The +0 shortbow dances into the air!
* * * LOW HITPOINT WARNING * * *
The killer bee barely misses you. The killer bee misses you.
The killer bee stings you.
* * * LOW HITPOINT WARNING * * *
A scorpion comes into view.
The killer bee closely misses you.
You feel better. The killer bee stings you!
* * * LOW HITPOINT WARNING * * *
The killer bee closely misses you. The killer bee stings you.
You die...

...#.. ...... .....# ##
.. #.... .##.? ##...
#....## #..... ##....
#.#...##...... #..#..
#.##yy.#...s.. .....#
#.###@........ .....##
#..###......#. ......##
###.y...........
.......###...............
#...........###..#.c....#
###..##.....# #........).
#..####...# #..###...#.
#.## #.......## .(## ##.#
#.###..## ..#


You could see a centaur (ally target), a scorpion, 2 killer bees and a friendly
+0 shortbow.

Vanquished Creatures
  A necrophage (D:4)
  4 killer bees (D:5)
  A howler monkey (D:4)
  2 orc wizards (D:5)
  3 gnolls (D:3)
  4 adders
  A worm (D:3)
  A dart slug (D:5)
  9 orcs
  3 endoplasms
  A giant cockroach (D:1)
  9 goblins
  10 hobgoblins
  3 jackals (D:1)
  2 quokkas (D:4)
  4 ball pythons
  6 bats
  3 frilled lizards
  4 kobolds
  2 rats (D:1)
73 creatures vanquished.

Vanquished Creatures (others)
  243 foxfires
243 creatures vanquished.

Grand Total: 316 creatures vanquished

Notes
Turn   | Place    | Note
-------+----------+-------------------------------------------
     0 | D:1      | robertstho the Djinni Fire Elementalist began the quest for
                  | the Orb.
     0 | D:1      | Reached XP level 1. HP: 15/15 MP: 0/0
   487 | D:1      | Reached XP level 2. HP: 15/21 MP: 0/0
   640 | D:1      | Found Pycwochi's Jewellery Shop.
  1001 | D:1      | Found a faded altar of an unknown god.
  1174 | D:2      | Reached XP level 3. HP: 22/25 MP: 0/0
  1174 | D:2      | Learned a level 1 spell: Shock
  1394 | D:2      | Reached skill level 3 in Spellcasting
  2663 | D:3      | Reached XP level 4. HP: 26/31 MP: 0/0
  2855 | D:3      | Found a bloodstained altar of Trog.
  3213 | D:3      | Reached XP level 5. HP: 28/36 MP: 0/0
  3213 | D:3      | Learned a level 2 spell: Slow
  3521 | D:3      | Found a sacrificial altar of Ru.
  4182 | D:4      | Noticed a necrophage
  4193 | D:4      | Killed a necrophage
  4194 | D:4      | Reached skill level 1 in Fighting
  4194 | D:4      | Reached skill level 4 in Spellcasting
  4194 | D:4      | Reached XP level 6. HP: 22/42 MP: 0/0
  5113 | D:5      | Entered Level 5 of the Dungeon
  5426 | D:5      | Reached skill level 1 in Maces & Flails
  5427 | D:5      | Reached skill level 5 in Spellcasting
  5427 | D:5      | Reached XP level 7. HP: 31/49 MP: 0/0
  5427 | D:5      | Learned a level 3 spell: Tukima's Dance
  5428 | D:5      | HP: 2/49 [centaur/arrow (3)]
  5431 | D:5      | Slain by a killer bee

Illustrated notes

Levels and vault maps discovered:
D:1:      minmay_arrival_cross, layout_rooms, serial_shops,
          nicolae_shop_crystal, shapermc_ecumenical_altar_notcrosses
D:2:      layout_basic, dk_vineyard_2
D:3:      layout_basic, trog_hazing_becter, nicolae_ru_path_of_blood,
          uniq_crazy_yiuf_cottage
D:4:      layout_loops_ring
D:5:      layout_layer_cave, kennysheep_little_box

Skill      XL: |  1  2  3  4  5  6 |
---------------+-------------------+-----
Spellcasting   | 3 4 5 |  5.0
Stealth        | 2 |  2.3
Fighting       | 1 2 |  2.2
Maces & Flails | 1 |  1.3
Dodging        | 3 |  3.0

Action                   |  1- 3 |  4- 6 |  7- 9 || total
-------------------------+-------+-------+-------++-------
Melee: Mace              |     1 |    50 |       ||    51
 Cast: Foxfire           |    93 |    58 |       ||   151
       Scorch            |       |    11 |       ||    11
       Flame Wave        |       |     1 |       ||     1
       Tukima's Dance    |       |       |     2 ||     2
  Use: Potion            |       |       |     2 ||     2
Armor: Robe              |     1 |    14 |     1 ||    16
Dodge: Dodged            |     9 |    53 |    13 ||    75

Table legend: (Time is in decaauts)
 A = Elapsed time spent in this place.
 B = Non-inter-level travel time spent in this place.
 C = Inter-level travel time spent in this place.
 D = Time resting spent in this place.
 E = Time spent auto-exploring this place.
 F = Levels seen in this place.
 G = Mean time per level.
                   A        B        C        D        E       F      G
               +--------+--------+--------+--------+--------+-----+--------+
         Total |   5449 |   5249 |    200 |      0 |   4719 |   5 | 1089.8 |
       Dungeon |   5449 |   5249 |    200 |      0 |   4719 |   5 | 1089.8 |
               +--------+--------+--------+--------+--------+-----+--------+

Top non-repeatable levels by time:
     D:2: 1511 daAuts
     D:3: 1506 daAuts
     D:1: 1140 daAuts
     D:4: 973 daAuts
     D:5: 318 daAuts
